 Dungeon Crawl Stone Soup version 0.27.0-1-g7a089689b8 (webtiles) character file.

Game seed: 17557352294586139291

49 Malachi the Covered (level 3, -4/30 HPs)
             Began as a Barachi Fighter on Aug 12, 2021.
             Was a Believer of Yredelemnul.
             Succumbed to a goblin's poison
             ... on level 2 of the Dungeon.
             The game lasted 00:03:35 (1328 turns).

Malachi the Covered (Barachi Fighter)               Turns: 1328, Time: 00:03:36

Health: -4/30      AC:  7    Str: 18    XL:     3   Next: 75%
Magic:  3/3        EV:  7    Int:  8    God:    Yredelemnul [**....]
Gold:   17         SH:  9    Dex: 11    Spells: 2/2 levels left

rFire    . . .     SeeInvis .   a - +0 long sword
rCold    . . .     Faith    .   c - +0 kite shield
rNeg     . . .     Spirit   .   b - +0 scale mail
rPois    .         Reflect  .   (no helmet)
rElec    .         Harm     .   (no cloak)
rCorr    .         Rampage  .   (no gloves)
Will     .....                  (no boots)
Stlth    ..........             (no amulet)
HPRegen  0.10/turn              (no ring)
MPRegen  0.08/turn              (no ring)

@: lethally poisoned (-4 -> -28), slow
A: amphibious, slowness 1, strong legs 1, +LOS
a: Hop, Renounce Religion, Animate Remains, Recall Undead Slaves, Injury Mirror


You were on level 2 of the Dungeon.
You worshipped Yredelemnul.
Yredelemnul was pleased with you.
You visited 1 branch of the dungeon, and saw 2 of its levels.

You collected 17 gold pieces.

Inventory:

Hand Weapons
 a - a +0 long sword (weapon)
Armour
 b - a +0 scale mail (worn)
 c - a +0 kite shield (worn)
Scrolls
 e - 2 scrolls of identify {unknown}
 f - a scroll of magic mapping {unknown}
 g - a scroll of immolation {unknown}
 i - a scroll of brand weapon {unknown}
Potions
 d - a potion of might
 h - a potion of berserk rage {unknown}


   Skills:
 + Level 4.1 Fighting
 + Level 3.0 Long Blades
 + Level 4.4 Armour
 + Level 0.7 Dodging
 + Level 0.3 Stealth
 + Level 3.4 Shields
 + Level 0.1 Invocations


You had 2 spell levels left.
You didn't know any spells.
Your spell library contained the following spells:

 Spells                   Type           Power      Damage    Failure   Level
 Magic Dart               Conj           0%         1d3       99%         1
 Call Imp                 Summ           0%         N/A       100%        2
 Mephitic Cloud           Conj/Pois/Air  0%         N/A       100%        3


Dungeon Overview and Level Annotations

Branches:
Dungeon (2/15)

Altars:
Yredelemnul


Innate Abilities, Weirdness & Mutations

You are amphibious.
You cover ground slowly.
You can hop short distances.
You have an extended range of vision and can be seen from far away.


Message History

You hit the frilled lizard.
You kill the frilled lizard!
Yredelemnul accepts your kill.
Your Long Blades skill increases to level 3!
No target in view!
You see here a frilled lizard corpse.
You attempt to give life to the dead...
The dead are walking!
You swap places.
A goblin comes into view. It is wielding a +2 dagger of venom.
The goblin shouts!
You hear an angry hiss.
An adder comes into view.
There are monsters nearby!
There are monsters nearby!
The goblin hits you but does no damage.
You are poisoned.
The goblin hits you but does no damage.
You are more poisoned.
You closely miss the goblin.
You feel extremely sick. The goblin barely misses you.
You barely miss the goblin.
You feel very sick. The goblin hits you but does no damage.
You are lethally poisoned!
The goblin hits you but does no damage.
You are more poisoned.
You closely miss the goblin.
* * * LOW HITPOINT WARNING * * *
You feel extremely sick. The goblin hits you but does no damage.
You are more poisoned.
You are too injured to fight recklessly!
You swap places.
* * * LOW HITPOINT WARNING * * *
You feel extremely sick.
The goblin completely misses your frilled lizard zombie.
Your frilled lizard zombie bites the goblin.
You swap places.
You die...
Your body rises from the dead as a mindless zombie.

#... ..... #...
.... ... ...
..##.# ..#.##
#....# #....#
##### #..Z.#
#...### #.#@##
#.....# #Z#Z#
#.....# #Z#Z#
##.....# #.#g#
.......# #.#S#
#.[....# #.#.#
#......#######.#.#
..........Z....#.#
#.##############.#


You could see an adder, a goblin (ally target), a friendly frilled lizard
zombie, a friendly goblin zombie and a friendly dart slug zombie.

Vanquished Creatures
  An adder (D:2)
  2 worms (D:2)
  2 dart slugs
  2 ball pythons (D:1)
  3 endoplasms (D:1)
  2 giant cockroaches (D:1)
  A goblin (D:2)
  2 hobgoblins (D:1)
  4 jackals (D:1)
  A bat (D:1)
  4 frilled lizards
  A kobold (D:1)
  3 rats (D:1)
28 creatures vanquished.

Vanquished Creatures (collateral kills)
  A dart slug (D:1)
  An endoplasm (D:2)
  A goblin (D:1)
3 creatures vanquished.

Grand Total: 31 creatures vanquished

Notes
Turn   | Place    | Note
-------+----------+-------------------------------------------
     0 | D:1      | Malachi the Barachi Fighter began the quest for the Orb.
     0 | D:1      | Reached XP level 1. HP: 18/18 MP: 1/1
    91 | D:1      | Found a faded altar of an unknown god.
   112 | D:1      | Reached XP level 2. HP: 8/25 MP: 2/2
   115 | D:1      | Became a worshipper of Yredelemnul the Dark
   115 | D:1      | Reached * piety under Yredelemnul
   662 | D:1      | Reached XP level 3. HP: 30/30 MP: 3/3
  1182 | D:2      | Reached ** piety under Yredelemnul
  1328 | D:2      | Succumbed to a goblin's poison

Illustrated notes

Levels and vault maps discovered:
D:1:      onia_arrival_mini_spirals, layout_basic,
          chequers_ecumenical_altar_simple_redux
D:2:      layout_basic, minmay_octomino_j4

Skill      XL: |  1  2  3 |
---------------+----------+-----
Armour         | 4 |  4.4
Fighting       | 4 |  4.1
Long Blades    | 3 |  3.0
Dodging        | |  0.7
Stealth        | |  0.3
Shields        | |  3.4
Invocations    | |  0.1

Action                   || total
-------------------------++-------
Melee: Long sword        ||    88
Invok: Animate Remains   ||     9
 Abil: Hop               ||     2
 Stab: Distracted        ||     1
Armor: Scale mail        ||    47
Dodge: Dodged            ||    25
Block: Kite shield       ||    40
       Rpst.: Long sword ||     6
